[Event "Late-Titled-Tuesday-Blitz-October-10-2023"]
[Site "Chess.com"]
[Date "2023.10.10"]
[Round "4"]
[White "Zampronha1971"]
[Black "PNEPaul"]
[Result "1-0"]
[WhiteElo "2285"]
[BlackElo "1986"]
[TimeControl "180+1"]
[EndTime "14:36:51 PDT"]
[Termination "Zampronha1971 won on time"]

1. e4 e5 2. Nf3 Nc6 3. d4 exd4 4.
Nxd4 Be7 5. Nc3 Nf6 6. Nxc6 dxc6 7. Bf4 O-O 8. Qxd8 Bxd8 9. f3 Be6 10. Be2 Rc8 11. O-O-O Nd7 12. Bc4 Bxc4 13. Rxd7 Be6 14. Rd2 Bf6 15. Ne2 h6 16. Rhd1 g5 17. Be3 b6 18.
Bd4 Be7 19. a3 Rfd8 20. Be5 Rxd2 21. Rxd2 Kf8 22. Nd4 Bd7 23. Nb5 cxb5 24. Rxd7 Ke8 25. Rxc7 Rxc7 26. Bxc7 Kd7 27. Bg3 Ke6 28. Kd2 f5 29.
exf5+ Kxf5 30. Kd3 a6 31. Bf2 Bc5 32. Bxc5 bxc5 33.
b4 c4+ 34. Kd4 h5 35. g3 h4 36. Kd5 hxg3 37. hxg3 g4 38. f4 Kf6 39. Ke4 1-0

[Event "Late-Titled-Tuesday-Blitz-October-10-2023"]
[Site "Chess.com"]
[Date "2023.10.10"]
[Round "4"]
[White "Freefresh"]
[Black "andrzej"]
[Result "0-1"]
[WhiteElo "2735"]
[BlackElo "2481"]
[TimeControl "180+1"]
[EndTime "14:36:52 PDT"]
[Termination "andrzej won on time"]

1. f3 d5 2. c3 e5 3. Qa4+ Nc6 4. e4 Nf6 5. Bb5 Bd7 6. exd5 Nxd5 7. Qb3 Nb6 8. Ne2 Bc5 9. d4 exd4 10. cxd4 Nxd4 11.
Nxd4 Qh4+ 12. Kd1 Qxd4+ 13. Bd2 O-O-O 14. Kc1 Bxb5 15. Qxb5 Nc4 16. Rd1 Nxd2 17. Nxd2 Qf2 18. a4 Rxd2 19. Rxd2 Be3 20. Qf5+ Kb8 21. Qd3 Re8 22. Kc2 Bxd2 23. Rf1 Qxg2 24. Qd7 Rc8 25. Rd1 Bf4+ 26. Kb1 Qxf3 27. Rd3 Qf1+ 28. Ka2 Bd6 29.
Rb3 Qc4 30. a5 a6 31. h4 h5 32. Qh3 Qa4+ 33. Kb1 Qxa5 34. Qf3 b6 35. Qxf7 Qe1+ 36. Ka2 Qe8 37. Qd5 Qa4+ 38. Kb1 Re8 39. Kc2 Re5 0-1

[Event "Late-Titled-Tuesday-Blitz-October-10-2023"]
[Site "Chess.com"]
[Date "2023.10.10"]
[Round "4"]
[White "emiliochess"]
[Black "The_Straightforward_Rook"]
[Result "1-0"]
[WhiteElo "2335"]
[BlackElo "2542"]
[TimeControl "180+1"]
[EndTime "14:36:55 PDT"]
[Termination "emiliochess won by resignation"]

1. d4 Nf6 2. Bf4 e6 3. e3 d5 4. Nf3 Bd6 5. Bg3 c5 6. Nbd2 Qc7 7. Ne5 Nbd7 8. f4 O-O 9. c3 Ne4 10. Bd3 f5 11. Bxe4 dxe4 12. O-O b6 13. Qe2 a5 14. Nxd7 Qxd7 15. Rfd1 Ba6 16. Qf2 Bd3 17. dxc5 bxc5 18.
b3 a4 19. Nc4 Qc7 20. Nxd6 Qxd6 21. Qb2 Rfb8 22. Be1 Qb6 23. Kf2 Kf7 24. b4 a3 25.
Qc1 c4 26. Bd2 h6 27. h4 Qd8 28. Rh1 Qf6 29. g3 Ke7 30. Qg1 Kd7 31. h5 Rg8 32. Qh2 g6 33. hxg6 Rxg6 34. Qh4 Qg7 35. Rag1 Kc6 36. Rh3 Rg8 37. Qh5 Qa7 38. Qd1 Kd5 39. Rgh1 e5 40. Qh5 Ke6 41. R3h2 exf4 42. gxf4 Qa4 43.
Qd1 Bc2 44. Qe2 Rd8 45. Qxc4+ Kf6 46. Be1 Qd7 47. Rxh6 Bd3 48. Qd4+ Qxd4 49. exd4 Rxh6 50. Rxh6+ Kg7 51. Rh5 Kg6 52. Rg5+ Kf6 53. Ke3 Bc4 54. Bh4 Ra8 55. Rg8+ Ke6 56. Rxa8 Bxa2 57. Rxa3 Bc4 58. Ra5 1-0

[Event "Late-Titled-Tuesday-Blitz-October-10-2023"]
[Site "Chess.com"]
[Date "2023.10.10"]
[Round "4"]
[White "sergiochess83"]
[Black "mishanick"]
[Result "0-1"]
[WhiteElo "2869"]
[BlackElo "3094"]
[TimeControl "180+1"]
[EndTime "14:36:56 PDT"]
[Termination "mishanick won on time"]

1. d4 Nf6 2. c4 e6 3. Nc3 Bb4 4.
e3 O-O 5. Bd3 d5 6. cxd5 exd5 7.
Ne2 Na6 8. O-O Bd6 9. f3 c5 10.
dxc5 Nxc5 11. Bc2 Be6 12. Nb5 Be5 13. Nbd4 Qb6 14. b3 Rfe8 15. Bb2 Bd7 16. Qd2 Re7 17. Rfe1 Rae8 18. Ng3 Qc7 19. Nf1 a5 20. Rac1 b6 21. Bb1 Qb8 22. Ne2 Bb5 23. Bxe5 Qxe5 24. Neg3 Bxf1 25. Nxf1 h5 26. Qf2 Qd6 27. Red1 a4 28.
b4 Ncd7 29. a3 Ne5 30. e4 Ng6 31. g3 Qb8 32. exd5 Re2 33. Qd4 Ne5 34. Rc3 Rd8 35.
d6 Qb7 36. Be4 Nxe4 37. fxe4 Qd7 38. Qxe5 Qh3 0-1

[Event "Late-Titled-Tuesday-Blitz-October-10-2023"]
[Site "Chess.com"]
[Date "2023.10.10"]
[Round "4"]
[White "FrankDux44"]
[Black "Harald_Schmidt"]
[Result "1-0"]
[WhiteElo "2650"]
[BlackElo "2351"]
[TimeControl "180+1"]
[EndTime "14:36:57 PDT"]
[Termination "FrankDux44 won on time"]

1. e4 c5 2. Nc3 g6 3. g3 Bg7 4.
Bg2 Nc6 5. d3 h5 6. h3 a6 7. Be3 Nd4 8. Qd2 b6 9. Nd1 Bb7 10. c3 Ne6 11. f4 d5 12. f5 Nc7 13.
fxg6 fxg6 14. Nf2 Nf6 15. e5 Nd7 16. d4 Nf8 17. Nf3 c4 18. h4 Bc8 19. Nh3 Bf5 20. Bg5 Nce6 21. Nf4 Nxf4 22. Bxf4 Ne6 23. Ng5 Nxf4 24.
gxf4 e6 25. Bh3 Qe7 26. Bxf5 gxf5 27. Rg1 Bh6 28. Qe2 Bxg5 29. Rxg5 b5 30. a3 a5 31. Kd2 Kd7 32. Rag1 Kc6 33. Rxh5 b4 34. axb4 axb4 35. Rxh8 bxc3+ 36. bxc3 Ra2+ 37. Ke3 Rxe2+ 38. Kxe2 Qa3 39. Rg3 Qb2+ 40. Kf1 Qc1+ 41. Kg2 Qxf4 42. h5 Qe4+ 43. Kh2 f4 44. Rg6 Qe2+ 45. Kh3 Qf3+ 46. Kh4 Qxc3 47. h6 1-0

[Event "Late-Titled-Tuesday-Blitz-October-10-2023"]
[Site "Chess.com"]
[Date "2023.10.10"]
[Round "4"]
[White "ferrufino64"]
[Black "ThaBarWa"]
[Result "0-1"]
[WhiteElo "2210"]
[BlackElo "2419"]
[TimeControl "180+1"]
[EndTime "14:36:57 PDT"]
[Termination "ThaBarWa won by resignation"]

1. e4 c6 2. d4 d5 3. Nc3 dxe4 4. Nxe4 Nf6 5. Nxf6+ gxf6 6. c3 h5 7. Bd3 h4 8. Ne2 h3 9. g3 Qd5 10. Rg1 Bg4 11. Qb3 Qxb3 12. axb3 Nd7 13. Be3 e5 14.
Kd2 a6 15. f4 O-O-O 16. Kc2 e4 17. Bxe4 Bxe2 18. Rae1 Bg4 19. b4 Re8 20. Bd3 Bd6 21. Bc4 Be6 22. Bd3 Nb6 23. b3 Nd5 24. Bd2 Ne7 25. g4 Rhg8 26. g5 Bf5 27. gxf6 Bxd3+ 28. Kxd3 Nd5 29. Rxe8+ Rxe8 30. Rg3 Bxf4 31. Rxh3 Bxd2 32. Kxd2 Re2+ 33. Kd1 Re3 34. Rh8+ Kd7 35. Kd2 Rxc3 36. h4 Rxb3 37. h5 Nxf6 38. h6 Rxb4 39. Kc3 Rb1 40. h7 Rc1+ 41. Kd2 Rh1 42. Rb8 Rxh7 43. Rxb7+ Kd6 44.
Ra7 Nd5 45. Rxa6 f5 46. Kd3 Rh3+ 47. Kd2 f4 48. Ra8 Rh2+ 49. Kd3 Rh3+ 50. Kd2 f3 51. Rf8 Rh2+ 52. Kd3 f2 53. Kc4 f1=Q+ 54. Rxf1 Ne3+ 55.
Kd3 Nxf1 56. Ke4 0-1

[Event "Late-Titled-Tuesday-Blitz-October-10-2023"]
[Site "Chess.com"]
[Date "2023.10.10"]
[Round "4"]
[White "Kostukov_Alex"]
[Black "KejJaj"]
[Result "0-1"]
[WhiteElo "2370"]
[BlackElo "2172"]
[TimeControl "180+1"]
[EndTime "14:36:57 PDT"]
[Termination "KejJaj won on time"]

1. g3 f5 2. Bg2 Nf6 3. d4 e6 4. c4 d5 5. Nf3 c6 6. O-O Bd6 7. Nc3 O-O 8. Bf4 Bxf4 9. gxf4 Nbd7 10. Qb3 Kh8 11. e3 Ne4 12. Nxe4 fxe4 13. Ne5 Nxe5 14. dxe5 Rf5 15. f3 exf3 16. Rxf3 Qb6 17. cxd5 exd5 18. Qc3 Rh5 19. Rg3 Be6 20. Rf1 Rf8 21. b4 Qd8 22. Qd4 Qh4 23. Kf2 g5 24. Ke2 Qxh2 25. Rff3 gxf4 26. exf4 Rhf5 27. Ke3 Qg1+ 28. Kd3 Qd1+ 29. Kc3 Qc1+ 30. Kb3 Rxf4 31. Rxf4 Rxf4 32. Qxa7 Qb1+ 33. Kc3 Qxb4+ 34. Kc2 Rf2+ 35. Qxf2 Qc4+ 36. Kb1 Qb4+ 37. Rb3 Qe7 38. Rf3 h6 39. Rf6 Qh7+ 40.
Qc2 Qxc2+ 0-1

[Event "Late-Titled-Tuesday-Blitz-October-10-2023"]
[Site "Chess.com"]
[Date "2023.10.10"]
[Round "4"]
[White "jcibarra"]
[Black "chessisveryfun1264"]
[Result "1-0"]
[WhiteElo "2898"]
[BlackElo "2583"]
[TimeControl "180+1"]
[EndTime "14:36:58 PDT"]
[Termination "jcibarra won by resignation"]

1. e4 e6 2. d4 d5 3. Nc3 Bb4 4. Ne2 Nf6 5. Bg5 h6 6. Bxf6 Qxf6 7. a3 Bxc3+ 8. Nxc3 c6 9. e5 Qe7 10. f4 O-O 11. Qd2 b6 12. g4 Qh4+ 13. Qf2 Qxg4 14.
Rg1 Qh5 15. Be2 Qf5 16. Bd3 Qh3 17. Rg3 Qh5 18. Be2 Qf5 19. O-O-O Ba6 20. Rdg1 Qh7 21. Bh5 Nd7 22. f5 exf5 23. Qg2 g5 24. h4 f4 25. Rh3 f6 26. hxg5 fxg5 27. Bg4 Bc8 28. Rgh1 Kg7 29. Rxh6 Qxh6 30. Rxh6 Kxh6 31. Qh3+ Kg7 32. Bxd7 Bxd7 33. Qxd7+ Rf7 34. Qg4 Kg6 35. Nd1 Re8 36. Nf2 c5 37. Nh3 Rf5 38. c3 cxd4 39. cxd4 Rh8 40. Nf2 Rh4 41.
Qf3 Rh2 42. Ng4 Rh4 43. Qxd5 Kh5 44. Qf3 Kg6 45. e6 Rh7 46. Qe4 f3 47. Ne3 Rc7+ 48. Kd2 1-0

[Event "Late-Titled-Tuesday-Blitz-October-10-2023"]
[Site "Chess.com"]
[Date "2023.10.10"]
[Round "4"]
[White "greekplayer1"]
[Black "Rozhkov_V"]
[Result "1-0"]
[WhiteElo "2659"]
[BlackElo "2408"]
[TimeControl "180+1"]
[EndTime "14:36:58 PDT"]
[Termination "greekplayer1 won by checkmate"]

1. e4 e6 2. d4 d5 3. Nc3 Bb4 4.
e5 c5 5. a3 Bxc3+ 6. bxc3 Ne7 7. Qg4 Qc7 8. Qd1 cxd4 9. cxd4 Qc3+ 10. Bd2 Qxd4 11. Nf3 Qe4+ 12. Be2 Nbc6 13. O-O Nxe5 14. Re1 Nxf3+ 15. Bxf3 Qd4 16. c4 O-O 17. Bb4 Qf6 18. cxd5 Rd8 19. d6 Nf5 20. Rc1 e5 21. Qd5 Nd4 22.
Rxe5 Nxf3+ 23. gxf3 Be6 24. Qd4 Qxf3 25. Rc3 Qf6 26. Rg3 Rac8 27. Bc3 Qh6 28. Reg5 f6 29. Rxg7+ Kf8 30. Qxf6+ Qxf6 31. Bxf6 Rc1+ 32. Kg2 Bd5+ 33.
Kh3 Be6+ 34. Kh4 Rd7 35. Be7+ Ke8 36. Rf3 Rc4+ 37. Kg3 b6 38. Rf8# 1-0

[Event "Late-Titled-Tuesday-Blitz-October-10-2023"]
[Site "Chess.com"]
[Date "2023.10.10"]
[Round "4"]
[White "TheMagician"]
[Black "maximnovik"]
[Result "0-1"]
[WhiteElo "2204"]
[BlackElo "2452"]
[TimeControl "180+1"]
[EndTime "14:36:59 PDT"]
[Termination "maximnovik won on time"]

1. d4 Nf6 2. c4 e6 3. Nc3 Bb4 4. Qc2 c5 5. dxc5 Bxc5 6. e3 a6 7. a3 b6 8. b4 Be7 9. Bb2 Bb7 10. Nf3 O-O 11. Be2 d6 12. O-O Nbd7 13. Rfd1 Rc8 14.
Rac1 Qc7 15. Qb1 Qb8 16. Ng5 Qa8 17. Nf3 Ng4 18. Ng5 Bxg5 19. Bxg4 Bxg2 20. Rxd6 Ne5 21. Be2 Nxc4 22. Rd4 Nxb2 23. Qxb2 Bf6 24. Rg4 Bf3 25. Bxf3 Qxf3 26. Rg3 Qc6 27. e4 Qxe4 28. Nxe4 Bxb2 29.
Rd1 Rfd8 30. Rgd3 Rxd3 31. Rxd3 f5 32. Ng5 e5 33. Rd7 e4 34. a4 Re8 35. Nf7 Bf6 36. Nd6 Rd8 37. Rxd8+ Bxd8 38. Nxf5 Kf7 39. Nd6+ Ke6 40.
Nxe4 Kd5 41. Nd2 Kd4 0-1

[Event "Late-Titled-Tuesday-Blitz-October-10-2023"]
[Site "Chess.com"]
[Date "2023.10.10"]
[Round "4"]
[White "Alexander_Donchenko"]
[Black "Oleksandr_Bortnyk"]
[Result "1-0"]
[WhiteElo "2878"]
[BlackElo "3042"]
[TimeControl "180+1"]
[EndTime "14:37:01 PDT"]
[Termination "Alexander_Donchenko won by resignation"]

1. Nf3 Nf6 2. c4 g6 3. Nc3 Bg7 4.
e4 d6 5. d4 O-O 6. Be2 Na6 7.
O-O e5 8. Be3 Qe7 9. dxe5 dxe5 10. Nd5 Qd8 11. Qc2 c6 12. Nc3 Qe7 13. h3 b6 14. Rfd1 Bb7 15. a3 Rfd8 16. b4 Nc7 17. c5 b5 18. a4 a6 19. Bf1 h6 20. Rxd8+ Rxd8 21. Rd1 Rxd1 22. Qxd1 Nd7 23. Nd2 Ne6 24. Nb3 f5 25. axb5 axb5 26. Nd5 Qf7 27. Na5 Ba8 28. Nb6 Nxb6 29. cxb6 Bf8 30. exf5 gxf5 31. Qb3 f4 32.
Bd2 e4 33. b7 Bxb7 34. Nxb7 Nd4 35. Qxf7+ Kxf7 36. Bc3 Nc2 37. Nd8+ Ke7 38. Nxc6+ Kd6 39. Bxb5 Kd5 40. Ba4 Na3 41. Na5 e3 42. fxe3 fxe3 43. Kf1 Nb1 44. Be1 Nd2+ 45. Bxd2 exd2 46. Ke2 Bxb4 47. Nb3 Ke5 48. Nxd2 Kf4 49. Nf1 Bc5 50. Bc6 Bd6 51. Bf3 Bc5 52. Nd2 Be7 53. Ne4 Bh4 54. Nc5 Kg3 55. Ke3 Be7 56. Ne4+ Kh4 57. Kf4 Bg5+ 58.
Nxg5 hxg5+ 59. Kf5 g4 60. hxg4 Kg3 1-0

[Event "Late-Titled-Tuesday-Blitz-October-10-2023"]
[Site "Chess.com"]
[Date "2023.10.10"]
[Round "4"]
[White "Angry_Twin"]
[Black "aa175"]
[Result "1-0"]
[WhiteElo "2950"]
[BlackElo "2607"]
[TimeControl "180+1"]
[EndTime "14:37:01 PDT"]
[Termination "Angry_Twin won by checkmate"]

1. e4 e5 2. Nf3 Nf6 3. Nxe5 d6 4. Nf3 Nxe4 5. d4 d5 6. Bd3 Bd6 7. O-O O-O 8. c4 c6 9. Nc3 Nxc3 10. bxc3 dxc4 11.
Bxc4 Bf5 12. Bg5 Qa5 13. d5 Ba3 14. Qb3 Be4 15. Qxb7 cxd5 16. Qxa8 Bxf3 17. gxf3 dxc4 18. Be3 Bb2 19. Rab1 Qxa2 20. Qb7 Ba3 21. Qxb8 Rxb8 22. Rxb8+ Bf8 23. Bc5 h6 24. Rxf8+ Kh7 25. Bd4 Qc2 26. Ra1 Qg6+ 27. Kh1 Qf5 28. Kg2 Qg6+ 29. Kf1 Qd3+ 30. Ke1 Qxf3 31. Rxa7 Qe4+ 32. Kd2 Qd3+ 33. Kc1 Qf1+ 34.
Kb2 f6 35. Rxf6 Qe2+ 36. Ka3 Qc2 37. Kb4 Qb3+ 38. Kc5 Qc2 39. Rff7 Kg6 40. Rxg7+ Kh5 41. Raf7 Qb1 42. Rf3 Kh4 43. Bf6+ Kh5 44. Rh3# 1-0

[Event "Late-Titled-Tuesday-Blitz-October-10-2023"]
[Site "Chess.com"]
[Date "2023.10.10"]
[Round "4"]
[White "Noki102"]
[Black "ameetghasi100"]
[Result "0-1"]
[WhiteElo "2469"]
[BlackElo "2729"]
[TimeControl "180+1"]
[EndTime "14:37:04 PDT"]
[Termination "ameetghasi100 won by resignation"]

1. d4 g6 2. Nc3 d6 3. h4 h6 4. e4 Bg7 5. Bc4 Nc6 6. Nf3 Bg4 7. Be3 Nf6 8. Qd2 a6 9. a3 b5 10. Ba2 Bxf3 11. gxf3 e5 12. Ne2 Rb8 13. c3 Nh5 14.
f4 Qe7 15. Bd5 Na5 16. dxe5 dxe5 17. b4 Nc4 18. Bxc4 bxc4 19. Bc5 Qd8 20. Qe3 exf4 21.
Qf3 Qd3 22. Qxd3 cxd3 23. Nd4 Nf6 24. f3 Nd7 25. Nb3 Bxc3+ 26. Kf2 Bxa1 27. Rxa1 Nxc5 28. Nxc5 g5 29. Nxd3 Ke7 30. Rc1 Rhd8 31. Ke2 Rb7 32. h5 Rd6 33. Ne5 Ke6 34. Ng4 Kd7 35. e5 Re6 36.
Kd3 Rb5 37. Rc4 Rbxe5 38. Nxe5+ Rxe5 39. Rd4+ Ke6 40. Rc4 Re3+ 41. Kd2 Kd7 42. Rc3 Rxc3 43. Kxc3 f5 44. Kd4 Kd6 45. a4 c6 0-1

[Event "Late-Titled-Tuesday-Blitz-October-10-2023"]
[Site "Chess.com"]
[Date "2023.10.10"]
[Round "4"]
[White "Arteler"]
[Black "traack"]
[Result "1-0"]
[WhiteElo "2605"]
[BlackElo "2403"]
[TimeControl "180+1"]
[EndTime "14:37:04 PDT"]
[Termination "Arteler won by resignation"]

1. e4 c5 2. Nf3 e6 3. c3 Nf6 4. e5 Nd5 5. d4 cxd4 6. cxd4 d6 7. Bc4 Be7 8. O-O O-O 9. Nc3 Nxc3 10.
bxc3 Qc7 11. Qe2 Nd7 12. Bd3 dxe5 13. dxe5 Nc5 14. Bc2 b6 15. Nd4 Ba6 16. c4 Nd7 17. Qe4 g6 18. Bh6 Rfc8 19. Rfe1 Qxc4 20. Bb3 Qd3 21. Qf4 Nc5 22. Re3 Qd2 23. Qxf7+ Kxf7 24. Rf3+ Kg8 25. Bxd2 Nxb3 26. axb3 Bb7 27. Rd3 Bd5 28.
Nb5 a6 29. Nd4 b5 30. h3 Kg7 31. Ba5 Bc5 32. Nf3 Ra7 33. Bd2 Be4 34. Rc3 Rc6 35. Rac1 Bxf3 36. gxf3 Rac7 37. b4 Bxf2+ 38. Kxf2 Rc4 39.
Rxc4 bxc4 40. Ke3 g5 41. Bc3 Kg6 42. Ke4 Rd7 43. Bd4 Rb7 44. Bc5 a5 45. Rxc4 a4 46. Rc3 Rf7 47. Ra3 Rf4+ 48. Ke3 h5 49. Rxa4 Kf5 50.
Ra6 g4 51. hxg4+ hxg4 52. fxg4+ Rxg4 53. Bd6 Rg3+ 54. Kd4 Rb3 55. Kc4 Rb2 56. Kc3 Ke4 57. Kxb2 1-0

[Event "Late-Titled-Tuesday-Blitz-October-10-2023"]
[Site "Chess.com"]
[Date "2023.10.10"]
[Round "4"]
[White "Byniolus"]
[Black "Cheer_Down"]
[Result "1-0"]
[WhiteElo "2708"]
[BlackElo "2462"]
[TimeControl "180+1"]
[EndTime "14:37:09 PDT"]
[Termination "Byniolus won by checkmate"]

1. d4 Nf6 2. Nf3 d5 3. Bf4 e6 4.
e3 c5 5. c3 Nc6 6. Nbd2 cxd4 7.
cxd4 Bd6 8. Bg3 O-O 9. Bd3 b6 10. O-O Bxg3 11. hxg3 Bb7 12. Qa4 Qd6 13. Rfc1 Rfc8 14.
a3 h6 15. Rc3 Rc7 16. Rac1 Rac8 17. Ne5 Nxe5 18. Rxc7 Rxc7 19. Rxc7 Qxc7 20. dxe5 Bc6 21.
Qc2 Nd7 22. f4 Nc5 23. Nf3 Ba4 24. Qc3 Qd7 25. Nd4 g6 26. Bb1 h5 27. b4 Ne4 28.
Bxe4 dxe4 29. Kf2 Kg7 30. Qc4 Bd1 31. Qc6 Qd8 32. Qd6 Qc8 33. Qe7 Kg8 34. Qd6 Qc3 35.
Nc6 Qb2+ 36. Kg1 Qe2 37. Ne7+ Kg7 38. Qd8 Qxe3+ 39. Kh2 h4 40. Qg8+ Kh6 41. Qh8# 1-0

[Event "Late-Titled-Tuesday-Blitz-October-10-2023"]
[Site "Chess.com"]
[Date "2023.10.10"]
[Round "4"]
[White "Grossboss19"]
[Black "2typicalchessplayer"]
[Result "0-1"]
[WhiteElo "2497"]
[BlackElo "2369"]
[TimeControl "180+1"]
[EndTime "14:37:09 PDT"]
[Termination "2typicalchessplayer won by checkmate"]

1. b3 e5 2. Bb2 Nc6 3. g3 d5 4. Bg2 Be6 5. d3 Qd7 6. c4 Nge7 7. Nf3 f6 8. Nc3 h5 9. h4 O-O-O 10. Na4 Ng6 11. a3 dxc4 12. bxc4 Be7 13. Nd2 Nd4 14. Bxd4 exd4 15. Rb1 b6 16. c5 Bd5 17. Bh3 f5 18. Nf3 Bxf3 19. exf3 b5 20. c6 Qe6+ 21. Qe2 Qxe2+ 22. Kxe2 Rd5 23. Nb2 Bxa3 24. f4 Re8+ 25. Kf3 Bc5 26. Rhe1 Kd8 27. Rxe8+ Kxe8 28. Nd1 Bb6 29.
Rb2 Ne7 30. Rc2 Rc5 31. Rxc5 Bxc5 32. Ke2 g6 33. Bg2 Kf7 34. Kd2 Ke6 35. Kc2 Kd6 36. Kb3 a5 37. Nb2 a4+ 38. Ka2 Nxc6 39. Bxc6 Kxc6 40.
f3 Bd6 41. Nd1 Kd5 42. Kb2 c5 43. Kc2 c4 44. Nf2 Kc5 45. Kb2 Kb4 46. Kc2 a3 47. Nd1 Ka4 48. Kb1 Bb4 49. Ka2 Be1 50. g4 Bxh4 51. gxh5 gxh5 52. dxc4 bxc4 53. Kb1 Kb3 54. Ka1 Be1 55. Kb1 h4 56. Ka1 h3 57. Nb2 axb2+ 58. Kb1 Kb4 59. Ka2 d3 60. Kb1 d2 61.
Kc2 c3 62. Kd1 b1=Q+ 63. Ke2 d1=Q+ 64. Ke3 Qbd3# 0-1

[Event "Late-Titled-Tuesday-Blitz-October-10-2023"]
[Site "Chess.com"]
[Date "2023.10.10"]
[Round "4"]
[White "Dedic8"]
[Black "GM_dmitrij"]
[Result "1-0"]
[WhiteElo "2870"]
[BlackElo "3013"]
[TimeControl "180+1"]
[EndTime "14:37:10 PDT"]
[Termination "Dedic8 won by checkmate"]

1. d4 Nf6 2. c4 e6 3. Nc3 Bb4 4. e3 O-O 5. Bd3 d5 6. a3 dxc4 7. Bxc4 Bd6 8. Nf3 Nc6 9. e4 e5 10. d5 Ne7 11. h3 h6 12. Be3 a6 13. Qd2 Bd7 14. g4 b5 15. Bb3 a5 16. g5 hxg5 17.
Bxg5 Nh5 18. Rg1 Qe8 19. Nh4 Ng6 20. Bd1 Nhf4 21. Nf5 Bxf5 22. exf5 f6 23. fxg6 fxg5 24. Rxg5 e4 25. Bg4 Nd3+ 26. Kd1 Bf4 27. Be6+ Qxe6 28. dxe6 Bxd2 29. Kxd2 Rae8 30. Nxe4 Nxf2 31. Nc5 Nxh3 32. Rg4 Nf4 33. Rh1 Rf6 34. b4 axb4 35. axb4 Nxg6 36. Rhg1 Kh7 37. Rh1+ Kg8 38. Rhg1 Kh7 39. Ne4 Rexe6 40. Ng5+ Kg8 41. Nxe6 Ne5 42. Rxg7+ Kh8 43. Rh1+ Rh6 44. Rxh6# 1-0

[Event "Late-Titled-Tuesday-Blitz-October-10-2023"]
[Site "Chess.com"]
[Date "2023.10.10"]
[Round "4"]
[White "Sulthankan"]
[Black "Smiechu"]
[Result "0-1"]
[WhiteElo "2349"]
[BlackElo "2513"]
[TimeControl "180+1"]
[EndTime "14:37:10 PDT"]
[Termination "Smiechu won by resignation"]

1. d4 Nf6 2. c4 c5 3. d5 e6 4.
Nc3 exd5 5. cxd5 d6 6. e4 g6 7. Nf3 Bg7 8. Nd2 Nbd7 9. Be2 O-O 10. O-O Re8 11. Qc2 a6 12. a4 Qc7 13. a5 b5 14.
axb6 Nxb6 15. Nb3 Nfd7 16. h3 Ne5 17. Na5 c4 18. f4 Nd3 19. Bxd3 cxd3 20. Qxd3 f5 21.
Be3 fxe4 22. Qd2 Nc4 23. Nxc4 Qxc4 24. Ra4 Qd3 25. Rd1 Qxd2 26. Rxd2 Bd7 27. Rc4 Bb5 28. Nxb5 axb5 29. Rb4 Rab8 30. Kf1 h5 31. Bd4 e3 32. Re2 Re4 33. Bc3 Rxb4 34. Bxb4 Bd4 35. Bxd6 Rd8 36.
Be5 Rxd5 37. Bxd4 Rxd4 38. Rxe3 Rxf4+ 39. Ke2 Rb4 40. b3 Kf7 41. Kd2 Kf6 42. Kc3 Rf4 43.
Rf3 Kf5 44. Rd3 b4+ 45. Kd2 Rf2+ 46. Ke3 Rxg2 47. Rd5+ Ke6 48. Rb5 Rg3+ 49. Kf4 Rxb3 50. h4 Rh3 51. Rxb4 Rxh4+ 0-1

[Event "Late-Titled-Tuesday-Blitz-October-10-2023"]
[Site "Chess.com"]
[Date "2023.10.10"]
[Round "4"]
[White "pedromartinez91"]
[Black "baki83"]
[Result "0-1"]
[WhiteElo "2547"]
[BlackElo "2818"]
[TimeControl "180+1"]
[EndTime "14:37:11 PDT"]
[Termination "baki83 won by resignation"]

1. d4 Nf6 2. c4 g6 3. Nc3 d5 4. Bf4 Bg7 5. e3 O-O 6. Rc1 c5 7. dxc5 Be6 8. Nf3 Nc6 9. Be2 dxc4 10.
O-O Qa5 11. Ng5 Rad8 12. Qa4 Qxa4 13. Nxa4 Bd5 14. Bxc4 h6 15. Nf3 Ne4 16. h3 Bxc4 17. Rxc4 f5 18. b4 a6 19. Nb6 Nc3 20. Bc7 Rd3 21.
Nh4 Kf7 22. g4 Be5 23. Nd7 Ne2+ 24. Kg2 Rxd7 25. gxf5 Bxc7 26. fxg6+ Kg7 27. Rg4 Nc3 28. e4 Ne5 29. Nf5+ Rxf5 30. exf5 Nxg4 31. hxg4 Ne4 32. Kf3 Nf6 33. Kg2 Rd4 34. f3 Rd2+ 35. Rf2 Rxf2+ 36.
Kxf2 Be5 37. Ke3 Bc3 38. a3 Bb2 39. a4 Ba3 40. b5 axb5 41. axb5 Bxc5+ 42. Kd3 b6 43. Kc4 Ne8 44. Kd5 Kf6 45. f4 Ng7 46. Kc6 Nxf5 47.
gxf5 h5 48. Kd5 h4 49. Ke4 Bd4 50. Kf3 Kxf5 51. g7 Bxg7 0-1

[Event "Late-Titled-Tuesday-Blitz-October-10-2023"]
[Site "Chess.com"]
[Date "2023.10.10"]
[Round "4"]
[White "Championnn-9"]
[Black "BeyondMadness"]
[Result "1-0"]
[WhiteElo "2506"]
[BlackElo "2321"]
[TimeControl "180+1"]
[EndTime "14:37:11 PDT"]
[Termination "Championnn-9 won on time"]

1. e4 c5 2. Nf3 d6 3. Bc4 g6 4.
d3 Bg7 5. O-O Nc6 6. a3 Nf6 7. Re1 O-O 8. Nbd2 Rb8 9. Ba2 b5 10. e5 dxe5 11. Nxe5 Nxe5 12. Rxe5 Qd6 13. Nf3 Ng4 14. Rd5 Qc7 15. h3 e6 16. Rg5 Nf6 17. Be3 Nd7 18. Qd2 Bxb2 19. Rb1 Bg7 20. Bf4 e5 21. Bh2 h6 22. Rxg6 c4 23. Rxg7+ Kxg7 24. d4 f6 25. Re1 Re8 26. c3 Bb7 27. Nh4 Rh8 28. Bb1 Rbg8 29. Nf5+ Kf8 30. d5 Qc5 31. Nxh6 Qxd5 32. Qxd5 Bxd5 33. Nxg8 Rxg8 34. g4 Ke7 35. f4 Kd6 36. Bf5 Re8 37. Rd1 Re7 38. Bg3 Kc6 39. h4 exf4 40. Bxf4 Ne5 41. h5 Nf3+ 42. Kf2 Ng5 43. h6 Nh3+ 44. Kg3 Nxf4 45. Kxf4 Re8 46. h7 Rh8 47. g5 fxg5+ 48. Kxg5 Bf3 49. Rd4 Be2 50.
Kg6 1-0

[Event "Late-Titled-Tuesday-Blitz-October-10-2023"]
[Site "Chess.com"]
[Date "2023.10.10"]
[Round "4"]
[White "JonasGallasch"]
[Black "Blackwhite017"]
[Result "1-0"]
[WhiteElo "2418"]
[BlackElo "2031"]
[TimeControl "180+1"]
[EndTime "14:37:11 PDT"]
[Termination "JonasGallasch won on time"]

1. d4 d5 2. c4 c6 3. Nf3 Nf6 4. e3 g6 5. Bd3 Bg7 6. O-O O-O 7. b3 Bg4 8. Bb2 Nbd7 9. Nbd2 e6 10. Qc2 Bxf3 11. Nxf3 Re8 12. Rfd1 Rc8 13. Rac1 a6 14.
Qb1 h5 15. Nd2 e5 16. dxe5 Nxe5 17. Be2 Qe7 18. Nf3 Nxf3+ 19. Bxf3 dxc4 20. Rxc4 Rcd8 21. Rcc1 Rxd1+ 22. Rxd1 Rd8 23. h3 Rd6 24. Rxd6 Qxd6 25. Bc3 Nd5 26. Bxg7 Kxg7 27. Qd3 Qe6 28. Bxd5 Qxd5 29.
Qxd5 cxd5 30. Kf1 Kf6 31. Ke2 Ke5 32. Kd3 b5 33. b4 f6 34. h4 Ke6 35. Kd4 Kd6 36.
f4 Kc6 37. e4 dxe4 38. Kxe4 Kd6 39. f5 g5 40. g3 1-0

[Event "Late-Titled-Tuesday-Blitz-October-10-2023"]
[Site "Chess.com"]
[Date "2023.10.10"]
[Round "4"]
[White "familijatop71"]
[Black "IMGC"]
[Result "0-1"]
[WhiteElo "2152"]
[BlackElo "2409"]
[TimeControl "180+1"]
[EndTime "14:37:12 PDT"]
[Termination "IMGC won by checkmate"]

1. e4 b6 2. d4 Bb7 3. Bd3 e6 4. Nc3 Nf6 5. Nge2 c5 6. d5 exd5 7. exd5 Nxd5 8. Nxd5 Bxd5 9. Nf4 Bc6 10. O-O Be7 11. Re1 Kf8 12. Qh5 Kg8 13. Bd2 g6 14.
Qh3 Bf6 15. Re3 d6 16. Rg3 Nd7 17. Nh5 Ne5 18. Nxf6+ Qxf6 19. Re1 b5 20. f4 Nxd3 21.
Bc3 Qxc3 22. bxc3 Nxe1 23. f5 Kg7 24. Qh4 f6 25. Re3 Rae8 26. Rxe1 Rxe1+ 27. Qxe1 Re8 28. Qf2 Re5 29. h3 Rxf5 30. Qg3 Re5 31. Qd3 d5 32. a4 a6 33. Qd2 h5 34. Qf2 d4 35. cxd4 cxd4 36.
Qxd4 bxa4 37. Qa7+ Kh6 38. Qxa6 Bd5 39. Qd3 Rg5 40. Qd2 Kg7 41. g4 hxg4 42. h4 Re5 43. c3 Kh7 44. Qd4 Kh6 45. Qa7 Kh5 46. Qd4 Kxh4 47.
c4 Kg3 48. cxd5 Re1# 0-1

[Event "Late-Titled-Tuesday-Blitz-October-10-2023"]
[Site "Chess.com"]
[Date "2023.10.10"]
[Round "4"]
[White "AleksandrAleksikov"]
[Black "LeninGuerra"]
[Result "0-1"]
[WhiteElo "2255"]
[BlackElo "2614"]
[TimeControl "180+1"]
[EndTime "14:37:12 PDT"]
[Termination "LeninGuerra won on time"]

1. e4 c5 2. Nf3 e6 3. Nc3 b6 4. d4 cxd4 5. Nxd4 Bb7 6. Be3 a6 7. Qd2 Nf6 8. f3 Be7 9. O-O-O O-O 10. g4 Nc6 11. g5 Nh5 12. f4 Nxd4 13. Qxd4 Bc5 14.
Qd2 Bxe3 15. Qxe3 Qc7 16. Ne2 Rac8 17. Rd2 d5 18. Bg2 d4 19. Qf3 g6 20. Kb1 f5 21. gxf6 Rxf6 22. Rf1 Rcf8 23. Qb3 Nxf4 24. Nxf4 Rxf4 25. Qxe6+ Kg7 26. Rfd1 Rf2 27. a3 Qxh2 28. Rxf2 Rxf2 29. Qd7+ Rf7 30. Qxd4+ Kg8 31. Bf1 Qc7 32. Bc4 Bc6 33. Rf1 Be8 34. Qd5 Kg7 35. Qd4+ Kf8 36. Bxf7 Bxf7 37. Qb4+ Qc5 38. Qxc5+ bxc5 39. b3 Ke7 40. Kb2 h5 41. Kc3 h4 42. Kd3 h3 43.
Ke3 g5 44. Kf3 Be6 45. Kg3 g4 46. Rd1 Kf6 0-1